 Dungeon Crawl Stone Soup version 0.30.1-3-gfc49f6343a (webtiles) character file.

Game seed: 10255279630525515139

1292 H0rd4k the Insei (level 8, -2/51 HPs)
             Began as an Octopode Artificer on Aug 3, 2023.
             Slain by a kobold
             ... wielding a +0 club
              (4 damage)
             ... on level 5 of the Dungeon.
             The game lasted 00:04:26 (5128 turns).

H0rd4k the Insei (Octopode Artificer)               Turns: 5128, Time: 00:04:27

Health: -2/51      AC:  1    Str: 11    XL:     8   Next: 56%
Magic:  8/8        EV: 14    Int: 15    God:
Gold:   307        SH:  0    Dex: 13    Spells: 7/7 levels left

rFire   + .          .
                       - Unarmed
rCold   + . .        (no shield)
rNeg    . . .        (helmet restricted)
rPois   +            (no amulet)
rElec   +            (no ring)
rCorr   +            (no ring)
SInv    .            (no ring)
Will    .....        (no ring)
Stlth   ++++         (no ring)
HPRegen 0.28/turn    (no ring)
MPRegen 0.11/turn    (no ring)
                     (no ring)

%: no passive effects
@: resistant
A: almost no armour, amphibious, 8 rings, camouflage 1, gelatinous body 1,
(nimble swimmer 1), tentacles
a: no special abilities


You were on level 5 of the Dungeon.
You visited 1 branch of the dungeon, and saw 5 of its levels.

You collected 307 gold pieces.

Inventory:

Missiles
 g - 23 poisoned darts
Jewellery
 u - a ring of see invisible
Wands
 b - a wand of flame (11) (quivered)
 c - a wand of charming (10)
 d - a wand of iceblast (2)
Scrolls
 a - 7 scrolls of identify {unknown}
 e - a scroll of fear {unknown}
 f - 4 scrolls of poison {unknown}
 h - a scroll of acquirement {unknown}
 j - 2 scrolls of magic mapping {unknown}
 l - 3 scrolls of noise {unknown}
 o - 2 scrolls of teleportation {unknown}
 t - a scroll of enchant weapon {unknown}
Potions
 i - a potion of resistance
 k - a potion of might {unknown}
 m - a potion of brilliance {unknown}
 n - a potion of haste {unknown}
 p - a potion of attraction {unknown}
 q - a potion of degeneration {unknown}
 r - a potion of ambrosia {unknown}
 s - 2 potions of flight {unknown}


   Skills:
 + Level 2.8 Fighting
 + Level 4.5 Dodging
 + Level 6.4 Stealth
 + Level 6.8 Unarmed Combat
 + Level 4.7 Evocations


You had 7 spell levels left.
You didn't know any spells.
Your spell library contained the following spells:

 Spells                   Type           Power      Damage    Failure   Level
 Apportation              Tloc           0%         N/A       26%         1
 Magic Dart               Conj           0%         1d3       26%         1
 Necrotise                Necr           0%         1d4       26%         1
 Sting                    Tmut/Pois      0%         1d3       26%         1
 Summon Small Mammal      Summ           0%         N/A       26%         1
 Poisonous Vapours        Pois/Air       0%         N/A       38%         2
 Searing Ray              Conj           0%         2d4       38%         2
 Portal Projectile        Hex/Tloc       0%         N/A       63%         3
 Tukima's Dance           Hex            0%         N/A       63%         3
 Fulminant Prism          Conj/Hex       0%         3d5       95%         4
 Olgreb's Toxic Radiance  Pois           0%         N/A       95%         4
 Blade Hands              Tmut           0%         N/A       100%        5


Dungeon Overview and Level Annotations

Branches:
Dungeon (5/15)             Temple (0/1) D:4

Altars:

Annotations:
D:1 exclusion: 2 downstairs


Innate Abilities, Weirdness & Mutations

You cannot wear most types of armour.
You are amphibious.
You can wear up to eight rings at the same time.
Your skin changes colour to match your surroundings (Stealth+).
Your rubbery body absorbs attacks. (AC +1, EV +1)
((You are camouflaged when in or above water. (Stealth+)))
You have tentacles for arms and can constrict up to eight enemies at once.


Message History

You tentacle-slap the phantom.
The phantom is lightly damaged.
The phantom hits you.
You tentacle-slap the phantom.
The phantom is moderately damaged.
The phantom misses you.
You closely miss the phantom. You squeeze the phantom!
The phantom is severely damaged.
The kobold misses you. The phantom closely misses you.
You tentacle-slap the phantom.
The phantom is severely damaged.
The kobold misses you.
You bludgeon the phantom!
You destroy the phantom!
The kobold barely misses you. The kobold misses you.
You miss the kobold. You grab the kobold.
Your tentacle-slap misses the kobold.
Your squeeze misses the kobold. You constrict the kobold.
The kobold hits you with a +0 club.
You barely miss the kobold. You squeeze the kobold.
You kill the kobold!
The gnoll hits you with a +0 flail. The kobold barely misses you.
The kobold closely misses you.
You barely miss the gnoll. Your grab misses the gnoll.
The kobold hits you with a +0 club. The gnoll hits you with a +0 flail.
The kobold hits you with a +0 club. The kobold closely misses you.
The kobold attacks as you move away! The kobold barely misses you.
The kobold attacks as you move away! The kobold hits you with a +0 club.
* * * LOW HITPOINT WARNING * * *
The kobold attacks as you move away! The kobold barely misses you. x2
The gnoll attacks as you move away! The gnoll misses you.
The gnoll attacks as you move away! The gnoll barely misses you.
The gnoll attacks as you move away! The gnoll hits you with a +0 flail!
* * * LOW HITPOINT WARNING * * *
The gnoll attacks as you move away! The gnoll closely misses you.
The kobold attacks as you move away! The kobold completely misses you.
It was a potion of resistance.
You feel protected. The kobold barely misses you. The gnoll barely misses you.
The kobold hits you with a +0 club.
You die...

.................................
...........).....................
...#......#...........<..##...#..
.........##..........)......##...
..........#..........#...........
..........#..........#....###....
.....#.#..####...K...............
.....####..# #.KKg...#.####......
......###.## #.K@....######......
........#.# #..#.#### ##........
..........####..### ##....#....
..........#>###.## ####........#.
.............†...# #......#..###.
..##.......#.....###.....###.....
..................#..###......#.#
..................>..# ####...#..
....................#####.##.....


You could see a gnoll and 4 kobolds.

Vanquished Creatures
  Sigmund (D:2)
  A black bear (D:5)
  An ogre (D:5)
  3 phantoms
  3 kobold brigands (D:5)
  2 scorpions
  A hound (D:4)
  A sleepcap (D:5)
  4 iguanas
  Robin (D:2)
  6 adders
  8 gnolls (D:5)
  2 ufetubi (D:4)
  2 worms (D:2)
  3 dart slugs
  An orc (D:3)
  7 endoplasms
  2 giant cockroaches
  8 goblins
  10 hobgoblins
  31 kobolds
  2 quokkas (D:2)
  7 ball pythons
  A bat (D:2)
  2 frilled lizards
  4 rats
114 creatures vanquished.

Vanquished Creatures (others)
  A gnoll (D:5)
  2 goblins (D:2)
3 creatures vanquished.

Grand Total: 117 creatures vanquished

Notes
Turn   | Place    | Note
-------+----------+-------------------------------------------
     0 | D:1      | H0rd4k the Octopode Artificer began the quest for the Orb.
     0 | D:1      | Reached XP level 1. HP: 13/13 MP: 1/1
   481 | D:1      | Found a faded altar of an unknown god.
   768 | D:2      | Noticed Robin
   779 | D:1      | Reached XP level 2. HP: 11/18 MP: 2/2
  1229 | D:2      | Reached XP level 3. HP: 18/23 MP: 3/3
  1320 | D:2      | Noticed Sigmund
  1324 | D:2      | Killed Sigmund
  1325 | D:2      | Reached XP level 4. HP: 28/28 MP: 4/4
  1325 | D:2      | Reached XP level 5. HP: 33/33 MP: 5/5
  1724 | D:2      | Killed Robin
  2018 | D:3      | Reached XP level 6. HP: 34/38 MP: 6/6
  3006 | D:4      | Found a staircase to the Ecumenical Temple.
  3318 | D:4      | Reached skill level 5 in Stealth
  3411 | D:4      | Reached XP level 7. HP: 29/44 MP: 7/7
  3590 | D:5      | Entered Level 5 of the Dungeon
  4181 | D:5      | Reached skill level 5 in Unarmed Combat
  4189 | D:5      | Reached XP level 8. HP: 18/51 MP: 8/8
  5126 | D:5      | HP: 1/51 [gnoll/+0 flail (15)]
  5128 | D:5      | Slain by a kobold

Illustrated notes

Levels and vault maps discovered:
D:1:      minmay_arrival_jagged, layout_loops_corners,
          chequers_ecumenical_altar_simple_redux
D:2:      layout_loops_ring, uniq_robin, uniq_sigmund
D:3:      layout_loops_ring, chequers_serial_rivers_marsh
D:4:      layout_basic, minmay_temple_entry_purple_smoke
D:5:      minmay_goblin_kobold_castle, layout_cave_pools

Skill      XL: |  1  2  3  4  5  6  7  8 |
---------------+-------------------------+-----
Stealth        | 2 3 5 6 |  6.4
Dodging        | 3 4 |  4.5
Unarmed Combat | 2 4 5 6 |  6.8
Evocations     | 4 |  4.7
Fighting       | 2 |  2.8

Action                     |  1- 3 |  4- 6 |  7- 9 || total
---------------------------+-------+-------+-------++-------
  Melee: Unarmed           |    70 |   108 |   129 ||   307
         Constrict         |    14 |    29 |    32 ||    75
         Tentacles         |    12 |    25 |    31 ||    68
         Punch             |       |     2 |    11 ||    13
  Evoke: Wand              |     2 |     2 |     8 ||    12
    Use: Potion            |       |       |     1 ||     1
   Stab: Sleeping          |     5 |     9 |     1 ||    15
         Distracted        |       |       |     1 ||     1
 Armour: Skin              |     1 |     3 |     9 ||    13
  Dodge: Dodged            |    49 |    62 |   101 ||   212
